 Dungeon Crawl Stone Soup version 0.29-a0-91-gdebf4667c2 (webtiles) character file.

Game seed: 17551509243432573324

246 Sweetruy1997 the Chopper (level 6, -1/55 HPs)
             Began as a Hill Orc Fighter on Feb 7, 2022.
             Was a Follower of Beogh.
             Slain by a centaur (4 damage)
             ... on level 4 of the Dungeon.
             The game lasted 00:09:38 (3390 turns).

Sweetruy1997 the Chopper (Hill Orc Fighter)         Turns: 3390, Time: 00:09:40

Health: -1/55      AC: 11    Str: 18 (19) XL:     6   Next: 11%
Magic:  5/6        EV:  9    Int:  7 (10) God:    Beogh [*.....]
Gold:   136        SH:  4    Dex:  7 (10) Spells: 5/6 levels left

rFire   . . .      SeeInvis .   a - +1 war axe
rCold   . . .      Faith    .   c - +0 buckler
rNeg    + . .      Spirit   .   b - +0 scale mail
rPois   +          Reflect  .   l - +2 hat
rElec   .          Harm     .   g - +0 cloak {rPois}
rCorr   .          Rampage  .   m - +0 pair of gloves
Will    .....                   (no boots)
Stlth   ..........              (no amulet)
HPRegen 0.18/turn               f - ring of positive energy
MPRegen 0.10/turn               (no ring)

@: no status effects
A: fangs 1, horns 1
a: Renounce Religion


You were on level 4 of the Dungeon.
You worshipped Beogh.
Beogh was aware of your devotion.
You visited 1 branch of the dungeon, and saw 4 of its levels.

You collected 136 gold pieces.

Inventory:

Hand Weapons
 a - a +1 war axe (weapon)
Missiles
 n - 3 boomerangs (quivered)
Armour
 b - a +0 scale mail (worn)
 c - a +0 buckler (worn)
 g - a +0 cloak of poison resistance (worn)
 l - a +2 hat (worn)
 m - a +0 pair of gloves (worn)
Jewellery
 f - a ring of positive energy (left hand)
Potions
 d - a potion of might


   Skills:
 + Level 4.8 Fighting
 + Level 5.6 Axes
 + Level 4.3 Armour
 + Level 0.3 Dodging
 + Level 0.1 Stealth
 + Level 3.6 Shields
 + Level 0.6 Spellcasting
 + Level 0.5 Transmutations


You had 5 spell levels left.
You knew the following spells:

 Your Spells              Type           Power      Damage    Failure   Level
a - Beastly Appendage     Tmut           0%         N/A       80%         1

Your spell library contained the following spells:

 Spells                   Type           Power      Damage    Failure   Level
 Wereblood                Tmut           0%         N/A       91%         2
 Spider Form              Tmut/Pois      0%         N/A       99%         3


Dungeon Overview and Level Annotations

Branches:
Dungeon (4/15)
 Temple: D:4-7

Altars:

Shops:
D:1 :


Innate Abilities, Weirdness & Mutations

You have very sharp teeth.
You have a pair of small horns on your head.


Message History

Your feet morph into talons.
Your +2 hat melds into your body.
The centaur shoots an arrow.
The arrow hits you!
* * * LOW HITPOINT WARNING * * *
The centaur unwields a +0 shortbow.
The centaur hits you.
* * * LOW HITPOINT WARNING * * *
The centaur kicks you but does no damage.
The centaur hits you but does no damage.
The centaur kicks you but does no damage.
You hit the centaur but do no damage. You claw the centaur!
The centaur is moderately wounded.
The centaur hits you but does no damage.
The centaur kicks you.
* * * LOW HITPOINT WARNING * * *
You hit the centaur.
You headbutt the centaur, but do no damage.
The centaur is heavily wounded.
The centaur hits you.
* * * LOW HITPOINT WARNING * * *
The centaur barely misses you. The centaur hits you.
* * * LOW HITPOINT WARNING * * *
The centaur barely misses you.
It was a potion of degeneration.
There was something very wrong with that liquid.
You feel weakened.
You feel dopey.
You feel clumsy. The centaur completely misses you.
The centaur kicks you but does no damage.
The centaur closely misses you.
The centaur kicks you but does no damage.
It was a potion of haste.
You feel yourself speed up. You block the centaur's attack.
The centaur kicks you but does no damage.
The orc priest looks braver for a moment.
It was a potion of cancellation.
Your magical effects are unravelling.
You feel magically purged.
Your talons disappear.
Your +2 hat unmelds from your body.
You feel yourself slow down. The centaur hits you.
You die...

# #. ##.#######.##.#
.##.#.####....c........#
............#######..###
.......c##### #..#
.##.#.#.# #..# # #.#
#..# #.##### #..#
#..Bc.# #o.#
......####@# #.o# ..#.#.
#.# #..)# # #. #.# #oc.#
#. #.# ..B... #. #o#
#.og... .. #.. .........
.....#.#...##
.......#...# ....


You could see a centaur, an orc priest and a giant cockroach.

Vanquished Creatures
  A scorpion (D:3)
  An orc priest (D:4)
  Natasha (D:3)
  A howler monkey skeleton (D:4)
  4 adders
  2 worms (D:3)
  6 orcs (D:3)
  2 ball pythons
  11 endoplasms
  6 giant cockroaches
  7 goblins
  4 hobgoblins
  4 jackals (D:1)
  6 quokkas
  2 bats (D:1)
  5 frilled lizards
  6 kobolds
  6 rats
75 creatures vanquished.

Notes
Turn   | Place    | Note
-------+----------+-------------------------------------------
     0 | D:1      | Sweetruy1997 the Hill Orc Fighter began the quest for the
                  | Orb.
     0 | D:1      | Reached XP level 1. HP: 19/19 MP: 1/1
    88 | D:1      | Found Foeleoff's Book Shoppe.
   484 | D:1      | Reached XP level 2. HP: 27/27 MP: 2/2
   535 | D:1      | Reached skill level 3 in Axes
   799 | D:1      | Reached XP level 3. HP: 33/33 MP: 3/3
   980 | D:1      | Learned a level 1 spell: Beastly Appendage
  1365 | D:2      | Reached skill level 4 in Axes
  1754 | D:2      | Reached XP level 4. HP: 40/40 MP: 4/4
  2158 | D:3      | Gained mutation: You have a pair of small horns on your
                  | head. [potion of mutation]
  2158 | D:3      | Gained mutation: You have very sharp teeth. [potion of
                  | mutation]
  2196 | D:3      | Noticed a scorpion
  2206 | D:3      | Killed a scorpion
  2207 | D:3      | Reached skill level 5 in Axes
  2207 | D:3      | Reached XP level 5. HP: 37/46 MP: 3/5
  2429 | D:3      | Noticed Natasha
  2441 | D:3      | Killed Natasha
  2644 | D:3      | Found a faded altar of an unknown god.
  2817 | D:3      | Became a worshipper of Beogh the Brigand
  3330 | D:4      | Reached * piety under Beogh
  3357 | D:4      | Noticed a centaur
  3362 | D:4      | Reached XP level 6. HP: 14/55 MP: 3/6
  3390 | D:4      | Slain by a centaur

Illustrated notes

Levels and vault maps discovered:
D:1:      dpeg_arrival_radiant, layout_basic, serial_shops,
          nicolae_shop_waterfront
D:2:      layout_basic
D:3:      layout_basic, shapermc_ecumenical_altar_totnotflames,
          gup_sewer_entry_spiral, nicolae_concentric_dashed_squares_mild,
          uniq_natasha
D:4:      layout_loops_ring, lightli_temple_of_fire, enter_ossuary_1,
          serial_park_tiny_2

Skill      XL: |  1  2  3  4 |
---------------+-------------+-----
Axes           | 3 4 5 |  5.6
Fighting       | 4 |  4.8
Armour         | 4 |  4.3
Dodging        | |  0.3
Stealth        | |  0.1
Shields        | |  3.6
Spellcasting   | |  0.6
Transmutations | |  0.5

Action                   |  1- 3 |  4- 6 || total
-------------------------+-------+-------++-------
Melee: War axe           |    73 |    91 ||   164
       Headbutt          |       |    14 ||    14
       Kick              |       |     2 ||     2
       Bite              |       |     4 ||     4
Throw: Boomerang         |       |     2 ||     2
 Cast: Beastly Appendage |     2 |     7 ||     9
Invok: Convert to Beogh  |       |     1 ||     1
  Use: Scroll            |       |     5 ||     5
       Potion            |       |     4 ||     4
Armor: Scale mail        |    37 |    46 ||    83
Dodge: Dodged            |    26 |    32 ||    58
Block: Buckler           |    21 |    22 ||    43

Table legend: (Time is in decaauts)
 A = Elapsed time spent in this place.
 B = Non-inter-level travel time spent in this place.
 C = Inter-level travel time spent in this place.
 D = Time resting spent in this place.
 E = Time spent auto-exploring this place.
 F = Levels seen in this place.
 G = Mean time per level.
                   A        B        C        D        E       F      G
               +--------+--------+--------+--------+--------+-----+--------+
         Total |   3481 |   3346 |    135 |     22 |   2749 |   4 |  870.2 |
       Dungeon |   3481 |   3346 |    135 |     22 |   2749 |   4 |  870.2 |
               +--------+--------+--------+--------+--------+-----+--------+

Top non-repeatable levels by time:
     D:3: 1222 daAuts
     D:1: 1153 daAuts
     D:2: 1029 daAuts
     D:4: 76 daAuts
